AoeStats
← Combi l BU

Arabia

506910240Analyzed
1v1 RM · 17d ago on Sep 15, 2026· 41m 37s· 2 players
Game mode
Random Map
Map size
Tiny (2 player)
Population
200
Speed
Normal
Resources
Standard
Victory
Conquest
Starting age
Dark Age
Ending age
Imperial Age
RankedLock teamsTeams togetherTeam positionsShared explorationLock speedFull tech treeHidden civsTurbo modeCheats
Victory
Defeat
🇲🇽 Armenians · Mexico
1990
+15
🇧🇷 Inca · Brazil
1969
-15
SupeR_Hulkito
6:36 Loom
9:19 Feudal Age
14:38 Fletching
21:59 Castle Age
20:01 Padded Archer Armor
22:07 Crossbowman
22:42 Bodkin Arrow
25:49 Leather Archer Armor
26:07 Elite Skirmisher
29:20 Ballistics
31:16 Town Watch
40:29 Imperial Age
39:31 Scale Mail Armor
38:55 Champi Runner
39:35 Squires
40:20 Champi Warrior
41:23 Forging
41:29 Chain Mail Armor
Combi l BU
5:40 Loom
8:51 Feudal Age
9:35 Double-Bit Axe
15:02 Fletching
20:11 Castle Age
18:39 Gold Mining
18:48 Horse Collar
20:12 Crossbowman
20:49 Bodkin Arrow
22:40 Ballistics
22:52 Padded Archer Armor
28:00 Bow Saw
30:15 Wheelbarrow
31:36 Hand Cart
32:16 Gold Shaft Mining
33:53 Leather Archer Armor
37:23 Imperial Age
34:43 Man-at-Arms
35:08 Gambesons
35:24 Squires
36:27 Gold Shaft Mining
36:15 Scale Mail Armor
35:55 Long Swordsman
36:59 Stone Mining
36:36 Two-Handed Swordsman
37:40 Chain Mail Armor
37:34 Champion
39:05 Plate Mail Armor
39:20 Heavy Plow
40:03 Fereters
40:58 Forging
Connection lost

Rejoining the realm…

Still unreachable

The connection could not be restored.

Session expired

The server has moved on; the page needs a fresh start.